Map: Frost LE

Players

LiquidTLO (TLO) - Winner!

  • Race: Zerg Zerg
  • League: Grandmaster

llllllllllll

  • Race: Zerg Zerg
  • League: Grandmaster

VOD

Have the link to the VOD?

Description

Time

  • Played on: July 3, 2016, 3:06 p.m.
  • Length: 5:04
Show
View Real Time Build Order
Export as new Build Order

LiquidTLO Zerg - Winner!

Build Orders: Hatch First, Roach Nydus 

Get SALT Encoding   

  12  0:00  Drone  
  13  0:13  Overlord  
  13  0:17  Drone  
  14  0:31  Drone x2  
  16  0:49  Hatchery  
  15  0:52  Drone  
  15  0:55  Drone  
  17  1:09  Spawning Pool  
  16  1:12  Drone  
  16  1:14  Extractor  
  16  1:17  Drone  
  17  1:21  Drone  
  18  1:29  Drone  
  19  1:39  Overlord  
  19  1:50  Drone  
  20  1:56  Queen  
  20  2:01  Queen  
  22  2:03  Drone  
  22  2:04  Drone  
  26  2:15  Drone  
  27  2:16  Drone  
  27  2:22  Drone  
  29  2:23  Drone  
  30  2:33  Overlord  
  30  2:34  Drone  
  30  2:36  Queen  
  31  2:43  Drone  
  34  2:44  Extractor, Drone  
  34  2:52  Lair  
  34  2:54  Drone  
  34  2:57  Evolution Chamber  
  34  2:59  Drone  
  35  3:06  Drone  
  35  3:07  Drone x2  
  35  3:10  Drone  
  35  3:11  Drone  
  40  3:14  Drone  
  41  3:21  Roach Warren  
  41  3:26  Drone  
  41  3:27  Drone  
  41  3:31  Extractor  
  41  3:35  Overlord  
  41  3:37  Drone  
  41  3:38  Drone  
  43  3:43  Drone  
  44  3:54  Overlord  
  44  4:00  Nydus Network  
  44  4:02  Overlord, Roach  
  45  4:03  Roach x2  
  45  4:05  Roach  
  51  4:13  Overlord  
  51  4:14  Roach x3  
  57  4:19  Evolution Chamber  
  57  4:21  Roach x2  
  60  4:25  Roach  
  60  4:27  Roach  
  60  4:30  Roach  
  66  4:36  Nydus Canal  
  66  4:38  Roach  
  68  4:39  Roach  
  68  4:42  Roach  
Show
View Real Time Build Order
Export as new Build Order

llllllllllll Zerg 

Build Orders: Hatch First 

Get SALT Encoding   

  12  0:01  Drone  
  13  0:09  Drone  
  14  0:17  Overlord  
  14  0:36  Drone x3  
  17  0:56  Hatchery  
  16  0:58  Drone  
  16  1:01  Drone  
  18  1:05  Extractor  
  18  1:10  Drone  
  18  1:20  Spawning Pool  
  18  1:25  Drone  
  18  1:32  Drone  
  19  1:42  Drone  
  20  1:54  Overlord  
  20  2:03  Drone  
  20  2:08  Queen  
  23  2:09  Queen  
  23  2:11  Drone  
  26  2:19  Drone  
  26  2:21  Drone  
  28  2:26  Overlord  
  28  2:30  Drone  
  28  2:35  Drone  
  30  2:40  Drone  
  30  2:42  Evolution Chamber  
  30  2:44  Lair  
  30  2:49  Zergling x2  
  31  2:53  Drone  
  31  2:55  Extractor x2  
  30  3:00  Overlord  
  30  3:03  Drone  
  31  3:07  Drone  
  32  3:13  Drone  
  32  3:19  Drone x6  
  39  3:23  Drone  
  40  3:28  Drone  
  40  3:32  Roach Warren  
  40  3:34  Drone  
  40  3:37  Overlord  
  41  3:46  Spire  
  40  3:52  Drone x4  
  43  3:56  Drone  
  43  3:57  Drone  
  43  3:59  Drone  
  46  4:11  Extractor  
  46  4:12  Drone  
  46  4:19  Overlord  
  47  4:31  Drone x3  
  47  4:34  Hatchery  
  47  4:36  Overlord  
  48  4:48  Drone  
  48  4:49  Drone  
Tags
 
Add a new tag
Caveats
  • Supply blocks, unpowered buildings, or Contaminate may cause inaccurate times.
  • Supply counts are checked every 10 seconds.